 Dungeon Crawl Stone Soup version 0.21-a0-278-ga722497 (webtiles) character file.

3828 aspa the Thaumaturge (level 10, -6/56 HPs)
             Began as an Octopode Conjurer on Apr 29, 2017.
             Was a Follower of Vehumet.
             Mangled by a two-headed ogre
             ... wielding a +0 giant club
              (11 damage)
             ... on level 8 of the Dungeon on Sept 22, 2017.
             The game lasted 01:05:27 (10521 turns).

aspa the Thaumaturge (Octopode Conjurer)           Turns: 10521, Time: 01:05:27

Health: -6/56      AC:  1    Str:  8    XL:     10   Next: 17%
Magic:  8/25       EV: 17    Int: 21    God:    Vehumet [*.....]
Gold:   353        SH:  5    Dex: 17    Spells: 13/32 levels left

rFire    . . .     SeeInvis .   a - +1 mace (protect)
rCold    + . .     Gourm    .   y - +0 buckler
rNeg     . . .     Faith    +   (helmet restricted)
rPois    .         Spirit   .   i - amulet of faith
rElec    +         Reflect  .   p - +3 ring of evasion
rCorr    .         Harm     .   n - +5 ring of dexterity
MR       .....                  (no ring)
Stlth    ++++......             (no ring)
HPRegen  0.18/turn              (no ring)
MPRegen  0.19/turn              (no ring)
                                (no ring)
                                (no ring)

@: no status effects
A: almost no armour, stealthy swim, amphibious, 8 rings, constrict 8, tentacle
spike 1, camouflage 1, cold resistance 1, electricity resistance, gelatinous
body 1
a: Renounce Religion


You were on level 8 of the Dungeon.
You worshipped Vehumet.
Vehumet was aware of your devotion.
You were not hungry.

You visited 2 branches of the dungeon, and saw 9 of its levels.
You also visited: Sewer.

You collected 485 gold pieces.
You spent 132 gold pieces at shops.

Inventory:

Hand Weapons
 a - a +1 mace of protection (weapon)
 b - a +3 whip of freezing
Armour
 y - a +0 buckler (worn)
Jewellery
 i - an amulet of faith (around mantle)
 n - a +5 ring of dexterity (right tentacle)
 o - an uncursed ring of fire
 p - a +3 ring of evasion (left tentacle)
Wands
 w - a wand of iceblast (6/15)
 G - a wand of flame (17/48)
 I - a wand of iceblast (3/15)
Scrolls
 h - 2 scrolls of recharging {unknown}
 v - 3 scrolls of identify
 A - a scroll of magic mapping
 D - 2 scrolls of teleportation
 H - a scroll of enchant weapon {unknown}
 K - 2 scrolls of enchant armour
 L - a scroll of holy word {unknown}
 N - 2 scrolls of noise {unknown}
Potions
 e - 3 potions of agility {unknown}
 f - 8 potions of curing
 g - a potion of invisibility {unknown}
 k - 3 potions of brilliance {unknown}
 l - a potion of lignification {unknown}
 m - 2 potions of flight
 q - a potion of degeneration {unknown}
 s - a potion of haste {unknown}
 C - a potion of cancellation {unknown}
Comestibles
 c - a chunk of flesh
 d - a meat ration
 r - 3 fruits


   Skills:
 - Level 2.0 Dodging
 - Level 4.0 Stealth
 - Level 4.0 Shields
 + Level 11.7 Spellcasting
 - Level 6.0 Conjurations


You had 13 spell levels left.
You knew the following spells:

 Your Spells              Type           Power        Failure   Level  Hunger
a - Magic Dart            Conj           ####         1%          1    None
b - Searing Ray           Conj           #####.       1%          2    None
c - Dazzling Spray        Conj/Hex       ###...       4%          3    None
d - Iskenderun's Mystic   Conj           #####...     4%          4    #......
e - Force Lance           Conj/Tloc      ###.....     16%         4    #......
f - Fulminant Prism       Conj/Hex       ###.......   16%         4    #......
g - Shock                 Conj/Air       ###.         1%          1    None


Dungeon Overview and Level Annotations

Branches:
Dungeon (8/15)             Temple (1/1) D:7
   Lair: D:8-11

Altars:
Ashenzari
Cheibriados
Dithmenos
Elyvilon
Fedhas
Gozag
Hepliaklqana
Kikubaaqudgha
Makhleb
Nemelex Xobeh
Okawaru
Qazlal
Ru
Sif Muna
Trog
Uskayaw
Vehumet
Wu Jian
Xom
Yredelemnul
Zin
The Shining One

Shops:
D:5 (*!   D:6 ?   D:7 [


Innate Abilities, Weirdness & Mutations

You cannot wear most types of armour.
You are very stealthy in the water. (Stealth+)
You are amphibious.
You can wear up to eight rings at the same time.
You can use your tentacles to constrict eight enemies at once.
Your skin changes colour to match your surroundings (Stealth+).
Your rubbery body absorbs attacks. (AC +1, EV +1)
One of your tentacles bears a spike.
Your flesh is cold resistant. (rC+)
You are resistant to electric shocks. (rElec)


Message History

Okay, then.
Casting: Dazzling Spray
Confirm with . or Enter, or press ? or * to list all spells.
Aiming: Searing Ray
Press: ? - help, Shift-Dir - straight line, f/p - two-headed ogre
Aim: a two-headed ogre, wielding a giant club and a giant spiked club (heavily wounded)
The searing ray hits the two-headed ogre.
The two-headed ogre is severely wounded. (Press . to maintain the ray.)
The two-headed ogre completely misses you.
The two-headed ogre barely misses you.
The searing ray hits the two-headed ogre.
The two-headed ogre is severely wounded.
The two-headed ogre closely misses you. The two-headed ogre misses you.
The searing ray hits the two-headed ogre.
The two-headed ogre is almost dead.
The two-headed ogre hits you with a giant club!!
* * * LOW HITPOINT WARNING * * *
The two-headed ogre hits you with a giant spiked club!
You die...

#.# #.##########
#..........#
##########.##
#........# #........#
#........#
####.##'########## #
#.##.##..@OFS.# S#
####.##.#####.###.##..#
#.##.# #.#....F..#
#....# #F#S# ######
#S#F# #.#.# #.#.(.#
#.##### #.#


You could see a two-headed ogre, a water moccasin and a bullfrog.

Vanquished Creatures
  A hornet (D:7)
  2 orc warriors
  An ice beast (D:7)
  A sky beast (D:7)
  A phantom (D:6)
  A black bear (D:7)
  7 ogres
  A centaur (D:6)
  A necrophage (D:4)
  2 big kobolds
  3 bullfrogs
  A gnoll sergeant (D:6)
  A water moccasin skeleton (D:8)
  A scorpion (D:6)
  4 wights
  A centaur zombie (D:6)
  2 bullfrog zombies (D:7)
  8 crimson imps
  5 hounds
  7 orc priests
  A centaur skeleton (D:4)
  12 orc wizards
  Natasha (thrice) (D:2)
  An iguana (D:7)
  3 worker ants
  A worker ant zombie (D:5)
  8 gnolls
  10 adders
  3 river rats (Sewer)
  A shadow imp (D:5)
  An ooze (D:3)
  An adder skeleton (D:4)
  2 worms
  4 dart slugs
  6 leopard geckos
  24 orcs
  11 bats
  13 giant cockroaches
  15 goblins
  16 hobgoblins
  9 jackals
  13 kobolds
  7 quokkas
  A ball python (D:4)
  5 frilled lizards
  A jackal skeleton (D:4)
  A leopard gecko skeleton (D:4)
  7 rats
  2 plants (D:6)
233 creatures vanquished.

Vanquished Creatures (others)
  A hound (D:6)
  A gnoll (D:6)
  12 fulminant prisms
14 creatures vanquished.

Grand Total: 247 creatures vanquished

Notes
Turn   | Place    | Note
-------+----------+-------------------------------------------
     0 | D:1      | aspa the Octopode Conjurer began the quest for the Orb.
     0 | D:1      | Reached XP level 1. HP: 11/11 MP: 3/3
   134 | D:1      | Reached XP level 2. HP: 17/17 MP: 0/5
   497 | D:1      | Reached XP level 3. HP: 21/21 MP: 1/6
   941 | D:2      | Reached skill level 3 in Spellcasting
  1175 | D:2      | Noticed Natasha
  1184 | D:2      | Killed Natasha
  1184 | D:2      | Reached XP level 4. HP: 5/27 MP: 0/9
  1188 | D:2      | Learned a level 2 spell: Searing Ray
  1585 | D:2      | Noticed Natasha
  1602 | D:2      | Killed Natasha
  1602 | D:2      | Reached skill level 4 in Spellcasting
  1602 | D:2      | Reached XP level 5. HP: 17/31 MP: 2/11
  2047 | D:2      | Noticed Natasha
  2095 | D:2      | Killed Natasha
  2175 | D:3      | Found a basalt altar of Yredelemnul.
  2182 | D:3      | Reached skill level 5 in Spellcasting
  2189 | D:3      | Reached XP level 6. HP: 15/36 MP: 1/13
  2627 | D:3      | Learned a level 3 spell: Dazzling Spray
  2632 | D:3      | Learned a level 4 spell: Iskenderun's Mystic Blast
  2818 | D:4      | Noticed a necrophage
  2936 | D:4      | Killed a necrophage
  2936 | D:4      | Reached skill level 6 in Spellcasting
  3195 | D:4      | Found a glowing drain.
  3221 | D:4      | Reached XP level 7. HP: 19/41 MP: 0/16
  3255 | Sewer    | Entered a sewer
  3645 | Sewer    | Reached skill level 5 in Conjurations
  3767 | Sewer    | Found a white marble altar of Elyvilon.
  3859 | D:4      | Reached skill level 7 in Spellcasting
  4056 | D:5      | Entered Level 5 of the Dungeon
  4177 | D:4      | Reached XP level 8. HP: 46/46 MP: 9/19
  4183 | D:4      | Learned a level 4 spell: Force Lance
  4188 | D:4      | Learned a level 4 spell: Fulminant Prism
  4898 | D:3      | HP: 1/46 [something (13)]
  5699 | D:5      | Found Paestridd's Assorted Antiques.
  5735 | D:5      | Reached skill level 8 in Spellcasting
  5755 | D:5      | Found Luleagab's Distillery.
  5770 | D:5      | Bought a potion of mutation for 96 gold pieces
  5791 | D:5      | Gained mutation: You are resistant to electric shocks. (rElec) [potion of mutation]
  5791 | D:5      | Gained mutation: Your flesh is cold resistant. (rC+) [potion of mutation]
  5791 | D:5      | Gained mutation: One of your tentacles bears a spike. [potion of mutation]
  5882 | D:5      | Found Luemif's Weapon Shoppe.
  5928 | D:5      | Found a snail-covered altar of Cheibriados.
  6592 | D:6      | Found Viskaag's Magic Scroll Shoppe.
  6607 | D:6      | Reached skill level 1 in Shields
  6632 | D:6      | Bought a scroll of teleportation for 36 gold pieces
  6775 | D:6      | Upgraded the game from 0.20-a0-1074-g6a0a8e1 to 0.21-a0-278-ga722497
  6968 | D:6      | HP: 2/46 [centaur (8)]
  7232 | D:6      | Reached skill level 9 in Spellcasting
  7236 | D:6      | Reached XP level 9. HP: 32/51 MP: 2/22
  8097 | D:6      | Reached skill level 10 in Spellcasting
  8497 | D:7      | Found a staircase to the Ecumenical Temple.
  8503 | Temple   | Entered the Ecumenical Temple
  8710 | Temple   | Became a worshipper of Vehumet
  8780 | D:7      | Found Exzeodof's Armour Emporium.
  9095 | D:7      | Found the +15 Maxwell's patent armour {-Cast -Tele rElec MR+ rCorr}
  9309 | D:7      | Reached * piety under Vehumet
  9309 | D:7      | Offered knowledge of Shock by Vehumet.
  9309 | D:7      | Reached skill level 11 in Spellcasting
  9318 | D:7      | Noticed a hornet
  9811 | D:7      | Reached XP level 10. HP: 56/56 MP: 18/25
 10388 | D:7      | Learned a level 1 spell: Shock
 10500 | D:8      | Noticed a two-headed ogre
 10521 | D:8      | Mangled by a two-headed ogre

Vault maps used:
D:1:      dpeg_arrival_simpleton_c
D:2:      minmay_strange_pillars, solitary_fountain,
          corexii_item_surrounded_by_moat, uniq_natasha
D:3:      yredelemnul_altar_generic, st_stairs_3, lemuel_another_geyser
D:4:      minmay_thick_lines, gup_sewer_entry_glass, first_bread,
          minmay_ogre_servants
D:5:      serial_shops, shop, nicolae_shop_trees, shop_fountains,
          cheibrodos_worm_habitat
D:6:      kennysheep_housing_project, serial_shops, shop,
          hangedman_decor_diamond_cutter
D:7:      temple_statues, serial_shops, nicolae_shop_stone
D:8:      david_lair_shrubbed, basic_altar, uniq_erica
Temple:   minmay_crystal_snake_temple
Sewer:    sewer_kobolds

Skill      XL: |  1  2  3  4  5  6  7  8  9 |
---------------+----------------------------+-----
Spellcasting   | 3 4 5 6 7 9 11 | 11.7
Conjurations   | 5 6 |  6.0
Shields        | 2 4 |  4.0
Stealth        | 3 4 |  4.0
Dodging        | |  2.0

Action                   |  1- 3 |  4- 6 |  7- 9 | 10-12 || total
-------------------------+-------+-------+-------+-------++-------
Melee: Unarmed           |     8 |       |       |       ||     8
       Constrict         |     8 |     2 |    22 |       ||    32
       Short sword       |    10 |     7 |    22 |       ||    39
       Tentacles         |     4 |     2 |    14 |       ||    20
       Mace              |       |       |    78 |     1 ||    79
       Kick              |       |       |    27 |       ||    27
 Cast: Magic Dart        |    69 |    49 |   190 |    13 ||   321
       Searing Ray       |       |    19 |    61 |    14 ||    94
       Dazzling Spray    |       |    11 |    38 |     3 ||    52
       Fulminant Prism   |       |       |    10 |     2 ||    12
       Iskenderun's Myst |       |       |     5 |       ||     5
       Force Lance       |       |       |     4 |     2 ||     6
Evoke: Wand              |       |       |     1 |       ||     1
  Use: Scroll            |       |     5 |     8 |       ||    13
       Potion            |       |     3 |     5 |     1 ||     9
 Stab: Sleeping          |       |       |     1 |     1 ||     2
  Eat: Chunk             |     1 |     6 |    21 |     3 ||    31
       Fruit             |       |       |     1 |       ||     1
Armor: Skin              |     1 |     3 |    26 |     1 ||    31
Dodge: Dodged            |    22 |    44 |   143 |    12 ||   221
Block: Buckler           |       |       |     9 |     5 ||    14

Table legend:
 A = Spawn XP
 B = Non-spawn XP
 C = Spawn XP percentage of total XP
 D = Spawn monster count
 E = Non-spawn monster count
 F = Spawn count percentage of total count
 G = Total turns spent on level
                    A         B        C        D         E        F      G
               +---------+---------+-------+---------+---------+-------+---------
         Total |       0 |    1856 |   0.0 |       0 |      37 |   0.0 |  3746
               +---------+---------+-------+---------+---------+-------+---------
           D:7 |       0 |    1744 |   0.0 |       0 |      35 |   0.0 |  1719
           D:8 |       0 |     112 |   0.0 |       0 |       2 |   0.0 |    95
               +---------+---------+-------+---------+---------+-------+---------
